AoeStats
← applepieguy4

Golden Pit

503739162Analyzed
1v1 RM · 1mo ago on Sep 2, 2026· 33m 5s· 2 players
Game mode
Random Map
Map size
Tiny (2 player)
Population
200
Speed
Normal
Resources
Standard
Victory
Conquest
Starting age
Dark Age
Ending age
Imperial Age
RankedLock teamsTeams togetherTeam positionsShared explorationLock speedFull tech treeHidden civsTurbo modeCheats
Victory
Defeat
🇨🇱 Malians · Chile
1316
+15
🇺🇸 Bohemians · United States
1301
-15
applepieguy4
7:44 Loom
11:04 Feudal Age
12:45 Double-Bit Axe
18:38 Castle Age
19:44 Bow Saw
19:15 Horse Collar
20:57 Chemistry
32:01 Pikeman
gon.huck
7:29 Loom
9:56 Feudal Age
10:57 Double-Bit Axe
12:53 Forging
14:55 Scale Barding Armor
18:40 Bloodlines
21:51 Castle Age
21:46 Gold Mining
22:09 Town Watch
23:09 Iron Casting
22:05 Light Cavalry
25:18 Husbandry
27:28 Chain Barding Armor
27:57 Horse Collar
33:12 Wheelbarrow
Connection lost

Rejoining the realm…

Still unreachable

The connection could not be restored.

Session expired

The server has moved on; the page needs a fresh start.